 Dungeon Crawl Stone Soup version 0.25-a0-1133-g93ebf739aa (webtiles) character file.

Game seed: 17146452375405479079, levelgen mode: deterministic

1269 Lugonue the Chopper (level 8, -4/63 HPs)
             Began as a Hill Orc Venom Mage on May 20, 2020.
             Was a Believer of Okawaru.
             Slain by a sky beast (6 damage)
             ... on level 6 of the Dungeon.
             The game lasted 00:11:04 (8212 turns).

Lugonue the Chopper (Hill Orc Venom Mage)           Turns: 8212, Time: 00:11:05

Health: -4/63      AC: 14    Str: 13    XL:     8   Next: 53%
Magic:  13/13      EV: 13    Int: 15    God:    Okawaru [**....]
Gold:   416        SH:  0    Dex: 11    Spells: 10/13 levels left

rFire    . . .     SeeInvis .   y - +0 battleaxe
rCold    . . .     Gourm    .   (shield currently unavailable)
rNeg     . . .     Faith    .   B - +0 ring mail
rPois    .         Spirit   .   a - +0 helmet
rElec    .         Reflect  .   C - +0 cloak
rCorr    .         Harm     .   q - +0 pair of gloves
MR       +....                  (no boots)
Stlth    +++.......             l - amulet of magic regeneration
HPRegen  0.20/turn              j - +4 ring of protection
MPRegen  0.38/turn              k - ring of protection from magic

@: mighty, brilliant, heroism
A: no striking features
a: Heroism, Renounce Religion


You were on level 6 of the Dungeon.
You worshipped Okawaru.
Okawaru was pleased with you.
You were near starving.

You visited 1 branch of the dungeon, and saw 6 of its levels.

You collected 416 gold pieces.

Inventory:

Hand Weapons
 y - a +0 battleaxe (weapon)
Missiles
 n - a throwing net (quivered)
Armour
 a - a +0 helmet (worn)
 q - a +0 pair of gloves (worn)
 B - a +0 ring mail (worn)
 C - a +0 cloak (worn)
Jewellery
 j - a +4 ring of protection (left hand)
 k - a ring of protection from magic (right hand)
 l - an amulet of magic regeneration (around neck)
 w - an uncursed ring of protection from fire
Wands
 v - a wand of flame (20)
 A - a wand of polymorph (6)
Scrolls
 b - 2 scrolls of magic mapping {unknown}
 c - a scroll of fog {unknown}
 f - 2 scrolls of amnesia {unknown}
 g - 2 scrolls of teleportation {unknown}
 h - 13 scrolls of identify
 i - a scroll of random uselessness {unknown}
 m - a scroll of fear {unknown}
 o - 4 scrolls of remove curse {unknown}
 s - a scroll of enchant weapon {unknown}
Potions
 d - a potion of degeneration
 e - 2 potions of might
 p - a potion of cancellation {unknown}
 r - a potion of stabbing {unknown}
 t - a potion of curing
 x - a potion of heal wounds {unknown}
 z - 2 potions of brilliance
Comestibles
 u - 2 rations


   Skills:
 + Level 3.0(8.0) Fighting
 + Level 7.6(12.6) Axes
 - Level 2.7(7.7) Armour
 - Level 1.9(6.9) Dodging
 - Level 1.8(6.8) Stealth
 - Level 1.0(6.0) Unarmed Combat
 - Level 3.3 Spellcasting
 - Level 1.6 Transmutations
 - Level 1.1 Air Magic
 + Level 4.9 Poison Magic
 - Level 0.2 Invocations


You had 10 spell levels left.
You knew the following spells:

 Your Spells              Type           Power        Failure   Level  Hunger
a - Sting                 Tmut/Pois      ###.         10%         1    None
b - Poisonous Vapours     Pois/Air       ###...       16%         2    None

Your spell library contained the following spells:

 Spells                   Type           Power        Failure   Level  Hunger
 Animate Skeleton         Necr           N/A          36%         1    None
 Apportation              Tloc           #.....       36%         1    None
 Corona                   Hex            #......      36%         1    None
 Freeze                   Ice            #...         36%         1    None
 Summon Small Mammal      Summ           #...         36%         1    None
 Ignite Poison            Fire/Tmut/Pois ##......     41%         3    None
 Mephitic Cloud           Conj/Pois/Air  ##......     43%         3    None
 Olgreb's Toxic Radiance  Pois           ####....     45%         4    None
 Frozen Ramparts          Ice            #.....       73%         3    None
 Ozocubu's Armour         Chrm/Ice       #.......     73%         3    None
 Hailstorm                Conj/Ice       #.......     98%         4    None
 Summon Ice Beast         Ice/Summ       #.......     98%         4    None


Dungeon Overview and Level Annotations

Branches:
Dungeon (6/15)
 Temple: D:4-7

Altars:
Cheibriados
Kikubaaqudgha
Okawaru
Qazlal
Uskayaw

Shops:
D:4 (


Message History

As you read the scroll labeled RIBBUXT NOOBLU, it crumbles to dust.
It is a scroll of identify.
d - a potion of degeneration The orc wizard hits you but does no damage.
The sky beast hits you but does no damage.
The orc closely misses you.
Okay, then.
You slash the sky beast!
The sky beast is heavily wounded.
You slash the orc!
You kill the orc!
Okawaru accepts your kill.
You closely miss the orc wizard.
The orc wizard gestures at you while chanting.
The puff of flame hits you.
* * * LOW HITPOINT WARNING * * *
The sky beast hits you.
* * * LOW HITPOINT WARNING * * *
The sky beast shocks you.
You die...

##.#.......# .
####..#..._...# #.
##.....#......# #.
##......#......# #.
#.........#..### #.
#......)....#########.
#.....................
##....)..).##.........
##...@Y.##..#########.
#.....o...>..# ##....
#........##..# ##.....
#.........##.###......
##.(...##.....##......
##...####....##<.....
##### #....##......
#.#####......
########Y.## #......


You could see a sky beast and an orc wizard.

Vanquished Creatures
  Edmund (D:5)
  An orc warrior (D:6)
  A phantom (D:5)
  An ogre (D:6)
  Blork the orc (D:5)
  4 bullfrogs (D:6)
  4 scorpions
  Crazy Yiuf (D:5)
  2 hounds
  A bullfrog skeleton (D:4)
  An iguana (D:5)
  A worker ant (D:6)
  A hound skeleton (D:4)
  4 gnolls
  A howler monkey skeleton (D:4)
  6 adders
  An ooze (D:5)
  An adder skeleton (D:6)
  3 worms
  A dart slug (D:3)
  2 leopard geckos
  6 orcs
  3 giant cockroaches
  4 goblins
  15 hobgoblins
  3 jackals (D:4)
  4 kobolds
  3 quokkas
  2 ball pythons
  5 bats
  4 frilled lizards
  A leopard gecko skeleton (D:4)
  7 rats
96 creatures vanquished.

Vanquished Creatures (others)
  3 fungi (D:3)
  5 toadstools (D:3)
8 creatures vanquished.

Grand Total: 104 creatures vanquished

Notes
Turn   | Place    | Note
-------+----------+-------------------------------------------
     0 | D:1      | Lugonue the Hill Orc Venom Mage began the quest for the
                  | Orb.
     0 | D:1      | Reached XP level 1. HP: 14/14 MP: 3/3
   577 | D:1      | Reached XP level 2. HP: 7/20 MP: 0/4
  1130 | D:1      | You fall into a shaft and drop 1 floor!
  1664 | D:2      | Reached skill level 1 in Transmutations
  1990 | D:2      | Reached skill level 1 in Unarmed Combat
  1990 | D:2      | Reached XP level 3. HP: 26/26 MP: 3/5
  2585 | D:2      | Found a snail-covered altar of Cheibriados.
  2585 | D:2      | Found a stormy altar of Qazlal.
  2590 | D:2      | Found a faded altar of an unknown god.
  2592 | D:2      | Found an iron altar of Okawaru.
  2594 | D:2      | Found a hide-covered altar of Uskayaw.
  2599 | D:2      | Became a worshipper of Warmaster Okawaru
  3053 | D:3      | Learned a level 2 spell: Poisonous Vapours
  3153 | D:3      | Reached XP level 4. HP: 29/33 MP: 2/7
  3601 | D:3      | Reached skill level 1 in Axes
  4491 | D:4      | Reached skill level 2 in Axes
  4491 | D:4      | Reached XP level 5. HP: 38/38 MP: 0/8
  4865 | D:4      | Found Ifyerir's Weapon Emporium.
  4883 | D:4      | Reached skill level 3 in Axes
  4963 | D:4      | Reached skill level 1 in Fighting
  5182 | D:4      | Reached XP level 6. HP: 35/47 MP: 3/9
  5590 | D:5      | Entered Level 5 of the Dungeon
  5600 | D:5      | Noticed Blork the orc
  5610 | D:5      | Killed Blork the orc
  5763 | D:5      | Reached * piety under Okawaru
  5962 | D:5      | Noticed a phantom
  5993 | D:5      | Killed a phantom
  5993 | D:5      | Reached skill level 4 in Axes
  5993 | D:5      | Reached skill level 1 in Armour
  6169 | D:5      | Reached XP level 7. HP: 52/52 MP: 8/11
  6800 | D:5      | Noticed Edmund
  6813 | D:5      | Killed Edmund
  6813 | D:5      | Reached skill level 5 in Axes
  7266 | D:5      | Found a runed translucent door.
  7267 | D:5      | Noticed Crazy Yiuf
  7523 | D:5      | Killed Crazy Yiuf
  7638 | D:6      | Found an ancient bone altar of Kikubaaqudgha.
  7650 | D:6      | Reached skill level 1 in Air Magic
  7696 | D:6      | Reached skill level 6 in Axes
  7696 | D:6      | Reached XP level 8. HP: 31/61 MP: 11/13
  7906 | D:6      | Reached skill level 7 in Axes
  7914 | D:6      | Reached ** piety under Okawaru
  8206 | D:6      | HP: 2/63 [sky beast (5)]
  8212 | D:6      | HP: 2/63 [sky beast (2)]
  8212 | D:6      | Slain by a sky beast

Illustrated notes

Levels and vault maps discovered:
D:1:      dpeg_arrival_water_fire, layout_basic
D:2:      layout_loops_ring, chequers_temple_overflow_minitemple
D:3:      layout_basic, minmay_gold_behind_fungi, feat_on_display
D:4:      layout_basic, first_ration, serial_shops, shop, minmay_misc_feat_cross
D:5:      layout_loops_corners, serial_rivers, chequers_serial_rivers_large_b,
          chequers_serial_rivers_small_b, chequers_serial_rivers_micro_b,
          chequers_serial_rivers_marsh, chequers_serial_rivers_micro_c,
          chequers_serial_rivers_room_b, kennysheep_generic_room_14,
          uniq_blork_the_orc, uniq_edmund, uniq_crazy_yiuf_cottage
D:6:      layout_rooms, nicolae_ossuary_entry_giza, basic_altar,
          minmay_diced_spiral

Skill      XL: |  1  2  3  4  5  6  7  8 |
---------------+-------------------------+-----
Poison Magic   | 3 4 |  4.9
Transmutations | 1 |  1.6
Unarmed Combat | 1 |  1.0
Spellcasting   | 2 3 |  3.3
Axes           | 2 3 4 6 7 |  7.6
Fighting       | 1 3 |  3.0
Armour         | 2 |  2.7
Air Magic      | 1 |  1.1
Dodging        | |  1.9
Stealth        | |  1.8
Invocations    | |  0.2

Action                   |  1- 3 |  4- 6 |  7- 9 || total
-------------------------+-------+-------+-------++-------
Melee: Unarmed           |    54 |       |       ||    54
       Hand axe          |     5 |   100 |       ||   105
       Punch             |       |     1 |       ||     1
       Battleaxe         |       |    31 |    73 ||   104
 Cast: Sting             |    59 |    26 |     8 ||    93
       Poisonous Vapours |     4 |    16 |    21 ||    41
Invok: Heroism           |       |     2 |     3 ||     5
  Use: Potion            |       |     3 |     5 ||     8
       Scroll            |       |       |     1 ||     1
  Eat: Chunk             |     8 |     5 |     3 ||    16
       Ration            |       |     2 |     1 ||     3
Armor: Robe              |    18 |     6 |       ||    24
       Leather armour    |       |    36 |     9 ||    45
       Ring mail         |       |       |    42 ||    42
Dodge: Dodged            |    71 |    98 |    73 ||   242

Table legend:
 A = Non-vault XP
 B = Vault XP
 C = Vault XP percentage of total XP
 D = Non-vault monster count
 E = Vault monster count
 F = Vault count percentage of total count
                 A         B        C        D         E       F
            +---------+---------+-------+---------+---------+-------
      Total |    1282 |     532 |  29.3 |      89 |       7 |   7.3
            +---------+---------+-------+---------+---------+-------
        D:1 |      18 |       0 |   0.0 |      12 |       0 |   0.0
        D:2 |      31 |       0 |   0.0 |      17 |       0 |   0.0
        D:3 |      98 |       0 |   0.0 |      21 |       0 |   0.0
        D:4 |     176 |       0 |   0.0 |      16 |       0 |   0.0
        D:5 |     342 |     314 |  47.9 |      13 |       4 |  23.5
        D:6 |     617 |     218 |  26.1 |      10 |       3 |  23.1
            +---------+---------+-------+---------+---------+-------
